 Dungeon Crawl Stone Soup version 0.19.0-23-gf02e663 (webtiles) character file.

193 shmeve the Chopper (level 5, -6/46 HPs)
             Began as a Minotaur Berserker on Nov 19, 2016.
             Was a Priest of Trog.
             Mangled by Duvessa
             ... wielding a +0 rapier
              (16 damage)
             ... on level 4 of the Dungeon.
             The game lasted 00:04:05 (1791 turns).

shmeve the Chopper (Minotaur Berserker)             Turns: 1791, Time: 00:04:05

Health: -6/46      AC:  6    Str: 22    XL:     5   Next: 44%
Magic:  4/4        EV: 10    Int:  4    God:    Trog [***...]
Gold:   144        SH:  4    Dex: 10    Spells: 0 memorised, 4 levels left

rFire  . . .     SeeInvis .     a - +0 hand axe
rCold  . . .     Gourm    .     f - +0 scale mail
rNeg   . . .     Faith    .     j - +0 buckler
rPois  .         Spirit   .     (helmet restricted)
rElec  .         Reflect  .     (no cloak)
rCorr  .         Harm     .     (no gloves)
MR     +....                    (no boots)
Stlth  ..........               (no amulet)
                                (no ring)
                                s - ring of protection from magic

@: no status effects
A: retaliatory headbutt, horns 2
a: Berserk, Trog's Hand, Burn Spellbooks, Renounce Religion


You were on level 4 of the Dungeon.
You worshipped Trog.
Trog was most pleased with you.
You were not hungry.

You visited 1 branch of the dungeon, and saw 4 of its levels.

You collected 144 gold pieces.

Inventory:

Hand Weapons
 a - a +0 hand axe (weapon)
Armour
 f - a +0 scale mail (worn)
 j - a +0 buckler (worn)
Jewellery
 s - a ring of protection from magic (left hand)
Wands
 o - a wand of lightning (0/15)
Scrolls
 e - 2 scrolls of recharging {unknown}
 g - 4 scrolls of teleportation {unknown}
 h - 3 scrolls of identify {unknown}
 k - a scroll of fog {unknown}
 l - a scroll of magic mapping {unknown}
 m - a scroll of fear {unknown}
 p - a scroll of blinking {unknown}
Potions
 b - a potion of berserk rage {unknown}
 q - a potion of might {unknown}
 r - a potion of brilliance {unknown}
 t - a potion of agility {unknown}
Comestibles
 c - 4 bread rations
 i - a meat ration
 n - a royal jelly


   Skills:
 * Level 4.3 Fighting
 * Level 4.4 Axes
 + Level 0.6 Throwing
 + Level 3.1 Armour
 + Level 2.5 Dodging
 * Level 4.4 Shields


You had 4 spell levels left.
You didn't know any spells.

Dungeon Overview and Level Annotations

Branches:
Dungeon (4/15)
 Temple: D:4-7

Altars:
Dithmenos
Okawaru
Trog

Annotations:
D:4 Duvessa


Innate Abilities, Weirdness & Mutations

You reflexively headbutt those who attack you in melee.
You have a pair of horns on your head.


Message History

Duvessa is almost dead.
Duvessa hits you with a rapier!
A worker ant comes into view.
Unknown command.
You barely miss Duvessa.
Duvessa is almost dead.
The worker ant twitches its antennae in your direction.
Duvessa hits you with a rapier!
* * * LOW HITPOINT WARNING * * *
Duvessa closely misses you. You furiously retaliate!
You headbutt Duvessa. You closely miss Duvessa.
Duvessa is almost dead.
Your skin stops crawling.
You feel less resistant to hostile enchantments.
Duvessa hits you but does no damage.
Unknown command.
You hit Duvessa.
Duvessa is almost dead.
Duvessa barely misses you. Duvessa hits you with a rapier!
You die...

.#.#..# ......#
#...#.# ......
#..$# #...#
######...#####
#...<.@.......
#...%...)e.......
...#.............
. ######...#####
#.a.# #...# #...#
#....


You could see Duvessa (berserk) and a worker ant.

Vanquished Creatures
  Dowan (D:4)
  A crimson imp (D:3)
  3 adders (D:2)
  An ooze (D:2)
  2 worms (D:2)
  3 dart slugs
  4 leopard geckos
  A ball python (D:2)
  3 giant cockroaches
  3 goblins
  6 hobgoblins
  4 jackals (D:2)
  A quokka (D:3)
  8 bats
  5 frilled lizards
  12 kobolds
  7 rats
65 creatures vanquished.

Notes
Turn   | Place    | Note
-------+----------+-------------------------------------------
     0 | D:1      | shmeve the Minotaur Berserker began the quest for the Orb.
     0 | D:1      | Reached XP level 1. HP: 19/19 MP: 0/0
   327 | D:1      | Reached XP level 2. HP: 27/27 MP: 1/1
   480 | D:1      | Reached ** piety under Trog
   645 | D:1      | You fall through a shaft!
   648 | D:2      | Reached XP level 3. HP: 33/33 MP: 2/2
   660 | D:2      | Found a shadowy altar of Dithmenos.
   884 | D:2      | Reached skill level 1 in Shields
  1146 | D:2      | Reached XP level 4. HP: 39/40 MP: 3/3
  1453 | D:3      | Found a bloodstained altar of Trog.
  1454 | D:3      | Reached *** piety under Trog
  1516 | D:3      | Found a faded altar of an unknown god.
  1592 | D:3      | Reached XP level 5. HP: 44/46 MP: 4/4
  1680 | D:3      | Found an iron altar of Okawaru.
  1771 | D:4      | Noticed Duvessa
  1771 | D:4      | Noticed Dowan
  1786 | D:4      | Killed Dowan
  1791 | D:4      | Mangled by Duvessa

Skill      XL: |  1  2  3  4 |
---------------+-------------+-----
Armour         | 3 |  3.1
Axes           | 4 |  4.4
Fighting       | 4 |  4.3
Shields        | 2 4 |  4.4
Throwing       | |  0.6
Dodging        | |  2.5

Action                   |  1- 3 |  4- 6 || total
-------------------------+-------+-------++-------
Melee: Hand axe          |    80 |    70 ||   150
       Headbutt          |    10 |     7 ||    17
Invok: Burn Spellbooks   |       |     1 ||     1
       Trog's Hand       |       |     1 ||     1
Evoke: Wand              |       |     3 ||     3
  Eat: Chunk             |     1 |     2 ||     3
Armor: Animal skin       |     7 |       ||     7
       Scale mail        |    36 |    28 ||    64
Dodge: Dodged            |    64 |    45 ||   109
Block: Buckler           |       |     2 ||     2
